Toronto Maple Leafs vs Montreal Canadiens
Created - Sunday, August 17, 2025 at 09:29
Goals
|
| Toronto Maple Leafs |
0 |
1 |
1 |
2 |
| Montreal Canadiens |
1 |
0 |
2 |
3 |
|
Shots
|
| Toronto Maple Leafs |
8 |
12 |
9 |
29 |
| Montreal Canadiens |
9 |
7 |
8 |
24 |
|
1st period
1. Montreal Canadiens , Patrik Laine 3 (Ryan Poehling 3) at 10:40
Penalties :
Bowen Byram (TOR) for Holding (Minor) at 3:56, Sam Bennett (TOR) for Interference (Minor) at 10:55, Damon Severson (MTL) for Interference (Minor) at 18:12
2nd period
2. Toronto Maple Leafs , Troy Terry 6 (Mario Ferraro 3, Frederik Andersen) at 6:34
Penalties :
Juraj Slafkovsky (MTL) for Interference (Minor) at 4:25, Ilya Lyubushkin (MTL) for Holding (Minor) at 11:40
3rd period
3. Montreal Canadiens , Brad Marchand 7 (Macklin Celebrini 8, Aliaksei Protas 8) at 4:32
4. Toronto Maple Leafs , Aaron Ekblad 2 (Troy Terry 7, Sam Bennett 7) at 6:18 (PP)
5. Montreal Canadiens , Dylan Larkin 5 (Martin Necas 8, Brad Marchand 3) at 13:15 (PP)
Penalties :
Adam Fox (MTL) for Slashing (Minor) at 0:46, Drew O'Connor (MTL) for Goalie Interference (Minor) at 5:41, Teddy Blueger (MTL) for Tripping (Minor) at 9:25, Andrew Mangiapane (TOR) for Holding (Minor) at 11:59, Bowen Byram (TOR) for Interference (Minor) at 15:41
Goalie Stats
Frederik Andersen (TOR), 21 saves from 24 shots - (0.875), L, 4-3-1, 58:56 minutes
Pyotr Kochetkov (MTL), 27 saves from 29 shots - (0.931), W, 2-1-0, 60:00 minutes
Players Stats for Toronto Maple Leafs
Player Name G A P +/- PIM S H SB GA TA FO MP PP MP PK MP
------------------------------------------------------------------------------------
Aaron Ekblad 1 0 1 0 0 1 2 4 1 1 0/0 27:10 4:51 3:38
Andrew Mangiapane 0 0 0 -1 2 3 0 0 0 0 0/0 7:20 0:00 0:00
Bowen Byram 0 0 0 -1 4 0 0 1 0 0 0/0 10:38 0:00 0:00
Brady Tkachuk 0 0 0 0 0 2 5 0 0 1 0/2 20:22 5:14 3:17
Brandon Saad 0 0 0 0 0 4 1 0 0 1 0/0 13:30 0:01 1:09
Cody Ceci 0 0 0 0 0 1 1 3 0 1 0/0 27:10 4:51 3:38
Mackie Samoskevich 0 0 0 -1 0 0 0 0 2 0 0/0 7:21 0:00 0:00
Mario Ferraro 0 1 1 0 0 1 1 2 0 0 0/0 22:28 5:41 3:35
Nick Bjugstad 0 0 0 -1 0 1 2 0 0 0 3/3 7:21 0:00 0:00
Nicolas Roy 0 0 0 0 0 2 2 0 0 0 0/0 12:21 0:01 0:00
Quinton Byfield 0 0 0 0 0 0 0 0 0 1 2/5 20:34 5:17 3:43
Ryan Pulock 0 0 0 0 0 2 1 2 0 0 0/0 22:28 5:41 3:35
Sam Bennett 0 1 1 0 2 2 4 1 1 0 5/10 18:35 5:14 2:39
Sam Malinski 0 0 0 -1 0 0 2 2 0 0 0/0 10:22 0:00 0:00
Scott Laughton 0 0 0 0 0 1 1 0 1 0 2/13 12:24 0:04 0:00
Troy Terry 1 1 2 0 0 5 0 0 0 0 0/0 16:09 5:14 0:13
Warren Foegele 0 0 0 0 0 2 1 2 0 0 0/1 15:56 5:14 0:00
Wyatt Johnston 0 0 0 0 0 2 1 0 0 0 9/19 20:34 5:17 3:25
Players Stats for Montreal Canadiens
Player Name G A P +/- PIM S H SB GA TA FO MP PP MP PK MP
------------------------------------------------------------------------------------
Adam Fox 0 0 0 0 2 0 1 2 0 0 0/0 19:23 4:17 0:39
Aliaksei Protas 0 1 1 0 0 1 0 0 0 0 0/1 14:40 3:13 0:16
Brad Marchand 1 1 2 0 0 4 2 0 0 1 0/0 16:25 4:00 1:17
Brady Skjei 0 0 0 0 0 2 1 2 0 1 0/0 26:44 4:17 5:39
Conor Timmins 0 0 0 0 0 0 1 3 0 0 0/0 17:24 0:00 5:19
Damon Severson 0 0 0 1 2 0 1 1 0 0 0/0 20:11 2:56 3:32
Drew O'Connor 0 0 0 0 2 3 0 1 2 0 0/0 12:36 0:00 4:56
Dylan Larkin 1 0 1 0 0 1 1 0 0 0 5/11 15:36 4:00 0:00
Evgeni Dadonov 0 0 0 0 0 2 0 0 0 0 0/0 7:10 0:00 0:48
Ilya Lyubushkin 0 0 0 0 2 0 0 1 0 1 0/0 17:27 0:00 4:19
Jake Evans 0 0 0 1 0 2 0 0 0 0 14/23 17:41 0:00 4:52
Juraj Slafkovsky 0 0 0 0 2 2 0 0 0 0 0/0 14:55 3:13 0:00
Lane Hutson 0 0 0 1 0 0 1 0 1 1 0/0 19:18 2:56 1:36
Macklin Celebrini 0 1 1 0 0 1 0 0 0 1 7/9 14:24 3:13 0:00
Martin Necas 0 1 1 0 0 3 3 0 0 0 1/2 15:36 4:00 0:00
Patrik Laine 1 0 1 1 0 2 2 0 0 0 0/0 11:38 0:00 0:00
Ryan Poehling 0 1 1 1 0 1 1 1 2 0 0/0 17:13 0:00 4:31
Teddy Blueger 0 0 0 0 2 0 0 1 0 0 5/7 11:01 0:00 4:24
3 Stars
1 - Brad Marchand (MTL)
2 - Patrik Laine (MTL)
3 - Troy Terry (TOR)
Power Play
Toronto Maple Leafs - 1 on 6 Attempt(s) - 16.67%
Montreal Canadiens - 1 on 4 Attempt(s) - 25.00%
Penalty Kill
Toronto Maple Leafs - 3 on 4 Attempt(s) - 75.00%
- Score 0 goal in Penalty Kill
Montreal Canadiens - 5 on 6 Attempt(s) - 83.33%
- Score 0 goal in Penalty Kill
Team Stat
Toronto Maple Leafs - Hits : 24 - Faceoff Wins : 21 - Blocked Shots : 17 - Penalty Minutes : 8
Montreal Canadiens - Hits : 14 - Faceoff Wins : 32 - Blocked Shots : 12 - Penalty Minutes : 12
Official
Referees : Kelly Sutherland and Reid Anderson
Linesman : Kilian McNamara and CJ Murray
Game Notes
6:18 of 3rd period - Toronto Maple Leafs goal is going for a video replay. After video review, Goal.
Finance
Level 1 -- Attendance: 5516 (91.93%) -- Ticket Income $512,988
Level 2 -- Attendance: 5000 (100.00%) -- Ticket Income $265,000
Level 3 -- Attendance: 3000 (100.00%) -- Ticket Income $96,000
Level 4 -- Attendance: 4728 (94.56%) -- Ticket Income $104,016
Luxury Box -- Attendance: 866 (86.60%) -- Ticket Income $168,870
Game was played at the Bell Centre.
Total Attendance: 19110 (95.55%)
Total Ticket Income: $1,146,874
Other Income: $401,406
Total Income: $1,548,280
Toronto Maple Leafs
5 vs 5 Forward
Center Left Wing Right Wing Time % Phy DF OF
1 Wyatt Johnston Brady Tkachuk Quinton Byfield 30 1 2 2
2 Sam Bennett Troy Terry Warren Foegele 30 1 2 2
3 Scott Laughton Brandon Saad Nicolas Roy 25 1 2 2
4 Nick Bjugstad Andrew Mangiapane Mackie Samoskevich 15 1 2 2
5 vs 5 Defense
Defense Defense Time % Phy DF OF
1 Aaron Ekblad Cody Ceci 30 1 2 2
2 Ryan Pulock Mario Ferraro 30 1 2 2
3 Bowen Byram Sam Malinski 25 1 2 2
4 Aaron Ekblad Cody Ceci 15 1 2 2
PowerPlay Forward
Center Left Wing Right Wing Time % Phy DF OF
1 Wyatt Johnston Brady Tkachuk Quinton Byfield 50 1 2 2
2 Sam Bennett Troy Terry Warren Foegele 50 1 2 2
PowerPlay Defense
Defense Defense Time % Phy DF OF
1 Aaron Ekblad Cody Ceci 50 1 2 2
2 Ryan Pulock Mario Ferraro 50 1 2 2
Penalty Kill 4 Players Forward
Center Wing Time % Phy DF OF
1 Wyatt Johnston Brady Tkachuk 50 1 2 2
2 Quinton Byfield Sam Bennett 50 1 2 2
Penalty Kill 4 Players Defense
Defense Defense Time % Phy DF OF
1 Aaron Ekblad Cody Ceci 50 1 2 2
2 Ryan Pulock Mario Ferraro 50 1 2 2
Penalty Kill - 3 Players Forward
Forward Time % Phy DF OF
1 Wyatt Johnston 50 1 2 2
2 Brady Tkachuk 50 1 2 2
Penalty Kill - 3 Players Defense
Defense Defense Time % Phy DF OF
1 Aaron Ekblad Cody Ceci 50 1 2 2
2 Ryan Pulock Mario Ferraro 50 1 2 2
4 vs 4 Forward
Center Wing Time % Phy DF OF
1 Wyatt Johnston Brady Tkachuk 50 1 2 2
2 Quinton Byfield Sam Bennett 50 1 2 2
4 vs 4 Defense
Defense Defense Time % Phy DF OF
1 Aaron Ekblad Cody Ceci 50 1 2 2
2 Ryan Pulock Mario Ferraro 50 1 2 2
Last Minutes Offensive
Center Left Wing Right Wing Defense Defense
Wyatt Johnston Brady Tkachuk Quinton Byfield Aaron Ekblad Cody Ceci
Last Minutes Defensive
Center Left Wing Right Wing Defense Defense
Wyatt Johnston Brady Tkachuk Quinton Byfield Aaron Ekblad Cody Ceci
Goaltenders
Starting : Frederik Andersen
Backup : Joonas Korpisalo
Extra Forwards
Normal : Scott Laughton, Nicolas Roy, Brandon Saad - PP : Scott Laughton, Nicolas Roy - PK : Brandon Saad
Extra Defensemen
Normal : Bowen Byram, Sam Malinski, Ryan Pulock - PP : Bowen Byram - PK : Sam Malinski, Ryan Pulock
Penalty Shots
Wyatt Johnston, Brady Tkachuk, Quinton Byfield, Sam Bennett, Troy Terry
Scratches
P.O. Joseph (Healthy), Lucas Carlsson (Healthy), Connor Dewar (Healthy), Garin Bjorklund (Healthy)
Montreal Canadiens
5 vs 5 Forward
Center Left Wing Right Wing Time % Phy DF OF
1 Dylan Larkin Juraj Slafkovsky Martin Necas 30 0 3 2
2 Macklin Celebrini Brad Marchand Aliaksei Protas 30 0 3 2
3 Jake Evans Ryan Poehling Patrik Laine 30 1 3 1
4 Teddy Blueger Evgeni Dadonov Drew O'Connor 10 1 3 1
5 vs 5 Defense
Defense Defense Time % Phy DF OF
1 Brady Skjei Adam Fox 35 1 3 1
2 Lane Hutson Damon Severson 30 1 3 1
3 Ilya Lyubushkin Conor Timmins 25 1 3 1
4 Brady Skjei Lane Hutson 10 1 3 1
PowerPlay Forward
Center Left Wing Right Wing Time % Phy DF OF
1 Dylan Larkin Brad Marchand Martin Necas 50 0 0 5
2 Macklin Celebrini Juraj Slafkovsky Aliaksei Protas 50 0 0 5
PowerPlay Defense
Defense Defense Time % Phy DF OF
1 Brady Skjei Adam Fox 50 0 1 4
2 Lane Hutson Damon Severson 50 0 1 4
Penalty Kill 4 Players Forward
Center Wing Time % Phy DF OF
1 Jake Evans Ryan Poehling 50 0 5 0
2 Teddy Blueger Drew O'Connor 50 0 5 0
Penalty Kill 4 Players Defense
Defense Defense Time % Phy DF OF
1 Brady Skjei Damon Severson 50 1 4 0
2 Ilya Lyubushkin Conor Timmins 50 1 4 0
Penalty Kill - 3 Players Forward
Forward Time % Phy DF OF
1 Jake Evans 50 0 5 0
2 Ryan Poehling 50 0 5 0
Penalty Kill - 3 Players Defense
Defense Defense Time % Phy DF OF
1 Brady Skjei Damon Severson 50 0 5 0
2 Ilya Lyubushkin Conor Timmins 50 0 5 0
4 vs 4 Forward
Center Wing Time % Phy DF OF
1 Jake Evans Patrik Laine 50 1 2 2
2 Teddy Blueger Ryan Poehling 50 1 2 2
4 vs 4 Defense
Defense Defense Time % Phy DF OF
1 Brady Skjei Adam Fox 50 1 2 2
2 Lane Hutson Damon Severson 50 1 2 2
Last Minutes Offensive
Center Left Wing Right Wing Defense Defense
Dylan Larkin Brad Marchand Martin Necas Lane Hutson Adam Fox
Last Minutes Defensive
Center Left Wing Right Wing Defense Defense
Jake Evans Ryan Poehling Drew O'Connor Ilya Lyubushkin Brady Skjei
Goaltenders
Starting : Pyotr Kochetkov
Backup : Stuart Skinner
Extra Forwards
Normal : Brad Marchand, Dylan Larkin, Martin Necas - PP : Brad Marchand, Dylan Larkin - PK : Jake Evans
Extra Defensemen
Normal : Brady Skjei, Adam Fox, Lane Hutson - PP : Adam Fox - PK : Brady Skjei, Lane Hutson
Penalty Shots
Martin Necas, Dylan Larkin, Brad Marchand, Macklin Celebrini, Juraj Slafkovsky
Scratches
Jayden Struble (Healthy), David Rittich (Healthy)
% Time on Ice - Toronto Maple Leafs
Lines # - Real PCT - Wanted PCT - Time Play
Normal Forward
1 - 26% - 30% - 10:48
2 - 27% - 30% - 11:08
3 - 29% - 25% - 11:55
4 - 18% - 15% - 7:21
Normal Defense
1 - 31% - 30% - 12:34
2 - 32% - 30% - 13:12
3 - 25% - 25% - 10:22
4 - 12% - 15% - 5:04
PP Forward
1 - 50% - 50% - 5:17
2 - 50% - 50% - 5:15
PP Defense
1 - 46% - 50% - 4:51
2 - 54% - 50% - 5:41
PK Forward
1 - 45% - 50% - 3:16
2 - 55% - 50% - 3:57
PK Defense
1 - 50% - 50% - 3:38
2 - 50% - 50% - 3:35
PK3 Forward
1 - 0% - 50%
2 - 0% - 50%
PK3 Defense
1 - 0% - 50%
2 - 0% - 50%
44 Forward
1 - 0% - 50%
2 - 0% - 50%
44 Defense
1 - 0% - 50%
2 - 0% - 50%
Last Minute Offensive - 1:03
Last Minute Defensive - 0:00
Total
Forward - 60:00
Defense - 60:00
|
% Time on Ice - Montreal Canadiens
Lines # - Real PCT - Wanted PCT - Time Play
Normal Forward
1 - 28% - 30% - 11:44
2 - 28% - 30% - 11:36
3 - 28% - 30% - 11:38
4 - 15% - 10% - 6:14
Normal Defense
1 - 35% - 35% - 14:20
2 - 35% - 30% - 14:15
3 - 27% - 25% - 11:13
4 - 3% - 10% - 1:24
PP Forward
1 - 55% - 50% - 4:00
2 - 45% - 50% - 3:13
PP Defense
1 - 59% - 50% - 4:17
2 - 41% - 50% - 2:56
PK Forward
1 - 44% - 50% - 4:38
2 - 56% - 50% - 5:54
PK Defense
1 - 44% - 50% - 4:41
2 - 56% - 50% - 5:51
PK3 Forward
1 - 0% - 50%
2 - 0% - 50%
PK3 Defense
1 - 0% - 50%
2 - 0% - 50%
44 Forward
1 - 0% - 50%
2 - 0% - 50%
44 Defense
1 - 0% - 50%
2 - 0% - 50%
Last Minute Offensive - 0:00
Last Minute Defensive - 1:03
Total
Forward - 60:00
Defense - 60:00
|
Play-by-Play
1st period
0:01 of 1st period - Wyatt Johnston wins face-off versus Dylan Larkin in neutral zone.
0:49 of 1st period - Cody Ceci is hit by Ryan Poehling.
0:53 of 1st period - Scott Laughton is hit by Damon Severson and loses puck.
1:06 of 1st period - Wrist shot by Evgeni Dadonov.
1:06 of 1st period - Stopped by Frederik Andersen with a rebound.
1:15 of 1st period - Off-side.
1:16 of 1st period - Jake Evans wins face-off versus Sam Bennett in neutral zone.
1:52 of 1st period - Snap shot by Dylan Larkin.
1:52 of 1st period - Shot Misses the Net.
2:06 of 1st period - Teddy Blueger is hit by Scott Laughton and loses puck.
2:55 of 1st period - Snap shot by Aliaksei Protas.
2:55 of 1st period - Deflect By Brad Marchand.
2:55 of 1st period - Shot Blocked by Ryan Pulock.
2:55 of 1st period - Puck is out of play.
2:56 of 1st period - Nick Bjugstad wins face-off versus Jake Evans in Toronto Maple Leafs zone.
2:56 of 1st period - Nick Bjugstad is hit by Brady Skjei.
3:10 of 1st period - Snap shot by Nick Bjugstad.
3:10 of 1st period - Stopped by Pyotr Kochetkov without a rebound.
3:11 of 1st period - Wyatt Johnston wins face-off versus Dylan Larkin in Montreal Canadiens zone.
3:14 of 1st period - Wrist shot by Brady Tkachuk.
3:14 of 1st period - Deflect By Lane Hutson.
3:14 of 1st period - Shot Misses the Net.
3:14 of 1st period - Puck is out of play.
3:15 of 1st period - Dylan Larkin wins face-off versus Quinton Byfield in Montreal Canadiens zone.
3:15 of 1st period - Dylan Larkin is hit by Aaron Ekblad.
3:31 of 1st period - Snap shot by Martin Necas.
3:31 of 1st period - Shot Misses the Net.
3:49 of 1st period - Snap shot by Aliaksei Protas.
3:49 of 1st period - Shot Blocked by Aaron Ekblad.
3:51 of 1st period - Snap shot by Macklin Celebrini.
3:51 of 1st period - Stopped by Frederik Andersen without a rebound.
3:52 of 1st period - Jake Evans wins face-off versus Scott Laughton in Toronto Maple Leafs zone.
3:56 of 1st period - Minor Penalty to Bowen Byram for Holding.
3:57 of 1st period - Dylan Larkin wins face-off versus Wyatt Johnston in Toronto Maple Leafs zone.
4:05 of 1st period - Wrist shot by Martin Necas.
4:05 of 1st period - Stopped by Frederik Andersen with a rebound.
5:56 of 1st period - Penalty to Bowen Byram is over, Bowen Byram is back on ice.
6:09 of 1st period - Snap shot by Patrik Laine.
6:09 of 1st period - Shot Misses the Net.
6:11 of 1st period - Slapshot by Brady Skjei.
6:11 of 1st period - Stopped by Frederik Andersen without a rebound.
6:12 of 1st period - Scott Laughton wins face-off versus Jake Evans in Toronto Maple Leafs zone.
6:21 of 1st period - Snap shot by Brandon Saad.
6:21 of 1st period - Stopped by Pyotr Kochetkov with a rebound.
6:23 of 1st period - Slapshot by Sam Malinski.
6:23 of 1st period - Deflect By Brandon Saad.
6:23 of 1st period - Shot Misses the Net.
6:23 of 1st period - Puck is out of play.
6:24 of 1st period - Jake Evans wins face-off versus Warren Foegele in Montreal Canadiens zone.
6:29 of 1st period - Snap shot by Patrik Laine.
6:29 of 1st period - Shot Blocked by Aaron Ekblad.
6:31 of 1st period - Snap shot by Jake Evans.
6:31 of 1st period - Stopped by Frederik Andersen with a rebound.
6:33 of 1st period - Slapshot by Ryan Poehling.
6:33 of 1st period - Shot Misses the Net.
6:35 of 1st period - Snap shot by Patrik Laine.
6:35 of 1st period - Shot Misses the Net.
6:54 of 1st period - Snap shot by Martin Necas.
6:54 of 1st period - Stopped by Frederik Andersen without a rebound.
6:55 of 1st period - Macklin Celebrini wins face-off versus Wyatt Johnston in Toronto Maple Leafs zone.
7:43 of 1st period - Slapshot by Andrew Mangiapane.
7:43 of 1st period - Stopped by Pyotr Kochetkov with a rebound.
7:45 of 1st period - Wrist shot by Andrew Mangiapane.
7:45 of 1st period - Shot Misses the Net.
7:47 of 1st period - Snap shot by Sam Malinski.
7:47 of 1st period - Deflect By Andrew Mangiapane.
7:47 of 1st period - Stopped by Pyotr Kochetkov with a rebound.
8:01 of 1st period - Brady Skjei is hit by Brandon Saad and loses puck.
8:30 of 1st period - Snap shot by Martin Necas.
8:30 of 1st period - Shot Misses the Net.
8:32 of 1st period - Wrist shot by Dylan Larkin.
8:32 of 1st period - Shot Misses the Net.
8:52 of 1st period - Sam Bennett is hit by Conor Timmins and loses puck.
10:20 of 1st period - Snap shot by Brad Marchand.
10:20 of 1st period - Stopped by Frederik Andersen with a rebound.
10:22 of 1st period - Slapshot by Brad Marchand.
10:22 of 1st period - Stopped by Frederik Andersen with a rebound.
10:40 of 1st period - Snap shot by Patrik Laine.
10:40 of 1st period - Goal by Patrik Laine - Toronto Maple Leafs : 0 - Montreal Canadiens : 1.
10:41 of 1st period - Sam Bennett wins face-off versus Dylan Larkin in neutral zone.
10:55 of 1st period - Minor Penalty to Sam Bennett for Interference.
10:56 of 1st period - Quinton Byfield wins face-off versus Macklin Celebrini in Toronto Maple Leafs zone.
11:29 of 1st period - Snap shot by Brandon Saad.
11:29 of 1st period - Stopped by Pyotr Kochetkov without a rebound.
11:30 of 1st period - Dylan Larkin wins face-off versus Quinton Byfield in Montreal Canadiens zone.
11:57 of 1st period - Adam Fox is hit by Brady Tkachuk and loses puck.
12:41 of 1st period - Mario Ferraro is hit by Martin Necas and loses puck.
12:52 of 1st period - Juraj Slafkovsky is hit by Wyatt Johnston.
12:55 of 1st period - Penalty to Sam Bennett is over, Sam Bennett is back on ice.
13:38 of 1st period - Snap shot by Sam Bennett.
13:38 of 1st period - Stopped by Pyotr Kochetkov with a rebound.
14:32 of 1st period - Slapshot by Troy Terry.
14:32 of 1st period - Stopped by Pyotr Kochetkov without a rebound.
14:33 of 1st period - Macklin Celebrini wins face-off versus Scott Laughton in Montreal Canadiens zone.
14:46 of 1st period - Snap shot by Macklin Celebrini.
14:46 of 1st period - Shot Blocked by Ryan Pulock.
14:48 of 1st period - Snap shot by Brad Marchand.
14:48 of 1st period - Shot Misses the Net.
14:50 of 1st period - Snap shot by Macklin Celebrini.
14:50 of 1st period - Shot Blocked by Mario Ferraro.
15:00 of 1st period - Ilya Lyubushkin is hit by Brady Tkachuk and loses puck.
17:22 of 1st period - Wrist shot by Quinton Byfield.
17:22 of 1st period - Shot Misses the Net.
17:49 of 1st period - Icing by Cody Ceci.
17:50 of 1st period - Dylan Larkin wins face-off versus Scott Laughton in Toronto Maple Leafs zone.
18:12 of 1st period - Minor Penalty to Damon Severson for Interference.
18:13 of 1st period - Jake Evans wins face-off versus Brady Tkachuk in Montreal Canadiens zone.
18:23 of 1st period - Snap shot by Wyatt Johnston.
18:23 of 1st period - Shot Blocked by Brady Skjei.
18:25 of 1st period - Wrist shot by Quinton Byfield.
18:25 of 1st period - Shot Misses the Net.
18:27 of 1st period - Snap shot by Brady Tkachuk.
18:27 of 1st period - Shot Blocked by Drew O'Connor.
18:29 of 1st period - Slapshot by Ryan Pulock.
18:29 of 1st period - Stopped by Pyotr Kochetkov with a rebound.
19:08 of 1st period - Jake Evans is hit by Brady Tkachuk.
Goals for this period are 0 for Toronto Maple Leafs vs 1 for Montreal Canadiens.
Shots for this period are 8 for Toronto Maple Leafs vs 9 for Montreal Canadiens.
2nd period
0:01 of 2nd period - Sam Bennett wins face-off versus Jake Evans in neutral zone.
0:08 of 2nd period - Slapshot by Warren Foegele.
0:08 of 2nd period - Stopped by Pyotr Kochetkov with a rebound.
0:10 of 2nd period - Wrist shot by Troy Terry.
0:10 of 2nd period - Stopped by Pyotr Kochetkov without a rebound.
0:11 of 2nd period - Teddy Blueger wins face-off versus Quinton Byfield in Montreal Canadiens zone.
0:11 of 2nd period - Teddy Blueger is hit by Brady Tkachuk.
0:12 of 2nd period - Penalty to Damon Severson is over, Damon Severson is back on ice.
0:47 of 2nd period - Wrist shot by Sam Bennett.
0:47 of 2nd period - Deflect By Dylan Larkin.
0:47 of 2nd period - Shot Misses the Net.
0:47 of 2nd period - Puck is out of play.
0:48 of 2nd period - Wyatt Johnston wins face-off versus Jake Evans in Montreal Canadiens zone.
0:53 of 2nd period - Snap shot by Brady Tkachuk.
0:53 of 2nd period - Shot Misses the Net.
0:55 of 2nd period - Wrist shot by Brady Tkachuk.
0:55 of 2nd period - Shot Misses the Net.
1:13 of 2nd period - Brad Marchand is hit by Sam Bennett and loses puck.
1:54 of 2nd period - Snap shot by Wyatt Johnston.
1:54 of 2nd period - Shot Misses the Net.
2:36 of 2nd period - Warren Foegele is hit by Brad Marchand and loses puck.
2:49 of 2nd period - Conor Timmins is hit by Sam Bennett and loses puck.
3:02 of 2nd period - Aaron Ekblad is hit by Martin Necas and loses puck.
3:11 of 2nd period - Wrist shot by Dylan Larkin.
3:11 of 2nd period - Shot Misses the Net.
3:33 of 2nd period - Off-side.
3:34 of 2nd period - Macklin Celebrini wins face-off versus Sam Bennett in neutral zone.
4:25 of 2nd period - Minor Penalty to Juraj Slafkovsky for Interference.
4:26 of 2nd period - Teddy Blueger wins face-off versus Sam Bennett in Montreal Canadiens zone.
5:06 of 2nd period - Backhand shot by Sam Bennett.
5:06 of 2nd period - Stopped by Pyotr Kochetkov with a rebound.
5:08 of 2nd period - Snap shot by Warren Foegele.
5:08 of 2nd period - Deflect By Troy Terry.
5:08 of 2nd period - Shot Blocked by Conor Timmins.
5:08 of 2nd period - Puck is out of play.
5:09 of 2nd period - Teddy Blueger wins face-off versus Wyatt Johnston in Montreal Canadiens zone.
5:22 of 2nd period - Snap shot by Brady Tkachuk.
5:22 of 2nd period - Deflect By Quinton Byfield.
5:22 of 2nd period - Shot Blocked by Teddy Blueger.
5:22 of 2nd period - Puck is out of play.
5:23 of 2nd period - Quinton Byfield wins face-off versus Teddy Blueger in Montreal Canadiens zone.
6:25 of 2nd period - Penalty to Juraj Slafkovsky is over, Juraj Slafkovsky is back on ice.
6:34 of 2nd period - Wrist shot by Troy Terry.
6:34 of 2nd period - Goal by Troy Terry - Toronto Maple Leafs : 1 - Montreal Canadiens : 1.
6:35 of 2nd period - Dylan Larkin wins face-off versus Sam Bennett in neutral zone.
6:44 of 2nd period - Snap shot by Dylan Larkin.
6:44 of 2nd period - Shot Blocked by Sam Bennett.
6:46 of 2nd period - Snap shot by Dylan Larkin.
6:46 of 2nd period - Shot Blocked by Bowen Byram.
6:48 of 2nd period - Wrist shot by Dylan Larkin.
6:48 of 2nd period - Deflect By Martin Necas.
6:48 of 2nd period - Shot Blocked by Sam Malinski.
6:48 of 2nd period - Puck is out of play.
6:49 of 2nd period - Jake Evans wins face-off versus Wyatt Johnston in Toronto Maple Leafs zone.
6:55 of 2nd period - Off-side.
6:56 of 2nd period - Wyatt Johnston wins face-off versus Jake Evans in neutral zone.
7:05 of 2nd period - Wrist shot by Wyatt Johnston.
7:05 of 2nd period - Stopped by Pyotr Kochetkov with a rebound.
7:07 of 2nd period - Snap shot by Wyatt Johnston.
7:07 of 2nd period - Shot Misses the Net.
7:09 of 2nd period - Snap shot by Cody Ceci.
7:09 of 2nd period - Shot Blocked by Brady Skjei.
7:23 of 2nd period - Snap shot by Wyatt Johnston.
7:23 of 2nd period - Shot Blocked by Adam Fox.
7:25 of 2nd period - Snap shot by Aaron Ekblad.
7:25 of 2nd period - Shot Misses the Net.
7:27 of 2nd period - Snap shot by Brady Tkachuk.
7:27 of 2nd period - Stopped by Pyotr Kochetkov with a rebound.
7:29 of 2nd period - Snap shot by Brady Tkachuk.
7:29 of 2nd period - Stopped by Pyotr Kochetkov with a rebound.
7:31 of 2nd period - Slapshot by Cody Ceci.
7:31 of 2nd period - Stopped by Pyotr Kochetkov without a rebound.
7:32 of 2nd period - Martin Necas wins face-off versus Sam Bennett in Montreal Canadiens zone.
7:32 of 2nd period - Martin Necas is hit by Sam Bennett.
7:44 of 2nd period - Snap shot by Troy Terry.
7:44 of 2nd period - Shot Misses the Net.
7:46 of 2nd period - Slapshot by Ryan Pulock.
7:46 of 2nd period - Stopped by Pyotr Kochetkov without a rebound.
7:47 of 2nd period - Macklin Celebrini wins face-off versus Scott Laughton in Montreal Canadiens zone.
7:52 of 2nd period - Slapshot by Nicolas Roy.
7:52 of 2nd period - Stopped by Pyotr Kochetkov without a rebound.
7:53 of 2nd period - Macklin Celebrini wins face-off versus Scott Laughton in Montreal Canadiens zone.
8:20 of 2nd period - Slapshot by Brady Skjei.
8:20 of 2nd period - Shot Blocked by Warren Foegele.
8:42 of 2nd period - Patrik Laine is hit by Brady Tkachuk and loses puck.
9:26 of 2nd period - Wrist shot by Teddy Blueger.
9:26 of 2nd period - Shot Misses the Net.
10:32 of 2nd period - Wrist shot by Andrew Mangiapane.
10:32 of 2nd period - Shot Misses the Net.
10:34 of 2nd period - Slapshot by Aaron Ekblad.
10:34 of 2nd period - Shot Blocked by Adam Fox.
11:40 of 2nd period - Minor Penalty to Ilya Lyubushkin for Holding.
11:41 of 2nd period - Jake Evans wins face-off versus Wyatt Johnston in Montreal Canadiens zone.
13:31 of 2nd period - Cody Ceci is hit by Adam Fox and loses puck.
13:40 of 2nd period - Penalty to Ilya Lyubushkin is over, Ilya Lyubushkin is back on ice.
13:46 of 2nd period - Dylan Larkin is hit by Nicolas Roy and loses puck.
14:09 of 2nd period - Cody Ceci is hit by Brad Marchand and loses puck.
14:18 of 2nd period - Wrist shot by Aliaksei Protas.
14:18 of 2nd period - Shot Blocked by Aaron Ekblad.
14:20 of 2nd period - Snap shot by Aliaksei Protas.
14:20 of 2nd period - Stopped by Frederik Andersen with a rebound.
14:22 of 2nd period - Snap shot by Brad Marchand.
14:22 of 2nd period - Stopped by Frederik Andersen without a rebound.
14:23 of 2nd period - Jake Evans wins face-off versus Scott Laughton in Toronto Maple Leafs zone.
14:24 of 2nd period - Snap shot by Patrik Laine.
14:24 of 2nd period - Shot Blocked by Sam Malinski.
15:14 of 2nd period - Slapshot by Mario Ferraro.
15:14 of 2nd period - Deflect By Lane Hutson.
15:14 of 2nd period - Stopped by Pyotr Kochetkov without a rebound.
15:15 of 2nd period - Nick Bjugstad wins face-off versus Dylan Larkin in Montreal Canadiens zone.
15:46 of 2nd period - Damon Severson is hit by Sam Malinski and loses puck.
16:12 of 2nd period - Snap shot by Jake Evans.
16:12 of 2nd period - Stopped by Frederik Andersen without a rebound.
16:13 of 2nd period - Sam Bennett wins face-off versus Dylan Larkin in Toronto Maple Leafs zone.
16:13 of 2nd period - Sam Bennett is hit by Martin Necas.
16:21 of 2nd period - Snap shot by Ryan Pulock.
16:21 of 2nd period - Shot Misses the Net.
17:35 of 2nd period - Slapshot by Drew O'Connor.
17:35 of 2nd period - Stopped by Frederik Andersen with a rebound.
17:55 of 2nd period - Wrist shot by Brandon Saad.
17:55 of 2nd period - Stopped by Pyotr Kochetkov with a rebound.
18:01 of 2nd period - Wrist shot by Juraj Slafkovsky.
18:01 of 2nd period - Stopped by Frederik Andersen with a rebound.
18:41 of 2nd period - Lane Hutson is hit by Sam Malinski and loses puck.
19:04 of 2nd period - Wrist shot by Evgeni Dadonov.
19:04 of 2nd period - Deflect By Drew O'Connor.
19:04 of 2nd period - Stopped by Frederik Andersen with a rebound.
19:52 of 2nd period - Slapshot by Patrik Laine.
19:52 of 2nd period - Shot Blocked by Cody Ceci.
19:54 of 2nd period - Wrist shot by Patrik Laine.
19:54 of 2nd period - Shot Blocked by Aaron Ekblad.
19:56 of 2nd period - Snap shot by Ryan Poehling.
19:56 of 2nd period - Stopped by Frederik Andersen with a rebound.
19:58 of 2nd period - Snap shot by Ryan Poehling.
19:58 of 2nd period - Shot Misses the Net.
Goals for this period are 1 for Toronto Maple Leafs vs 0 for Montreal Canadiens.
Shots for this period are 12 for Toronto Maple Leafs vs 7 for Montreal Canadiens.
3rd period
0:01 of 3rd period - Wyatt Johnston wins face-off versus Macklin Celebrini in neutral zone.
0:46 of 3rd period - Minor Penalty to Adam Fox for Slashing.
0:47 of 3rd period - Jake Evans wins face-off versus Wyatt Johnston in Montreal Canadiens zone.
1:20 of 3rd period - Ryan Poehling is hit by Sam Bennett and loses puck.
2:46 of 3rd period - Penalty to Adam Fox is over, Adam Fox is back on ice.
3:36 of 3rd period - Off-side.
3:37 of 3rd period - Macklin Celebrini wins face-off versus Scott Laughton in neutral zone.
3:48 of 3rd period - Wrist shot by Scott Laughton.
3:48 of 3rd period - Stopped by Pyotr Kochetkov with a rebound.
4:11 of 3rd period - Wrist shot by Mackie Samoskevich.
4:11 of 3rd period - Shot Blocked by Damon Severson.
4:19 of 3rd period - Damon Severson is hit by Nick Bjugstad and loses puck.
4:30 of 3rd period - Snap shot by Brad Marchand.
4:30 of 3rd period - Shot Misses the Net.
4:32 of 3rd period - Snap shot by Brad Marchand.
4:32 of 3rd period - Goal by Brad Marchand - Toronto Maple Leafs : 1 - Montreal Canadiens : 2.
4:33 of 3rd period - Jake Evans wins face-off versus Wyatt Johnston in neutral zone.
5:00 of 3rd period - Adam Fox is hit by Cody Ceci and loses puck.
5:09 of 3rd period - Snap shot by Martin Necas.
5:09 of 3rd period - Shot Misses the Net.
5:11 of 3rd period - Slapshot by Adam Fox.
5:11 of 3rd period - Shot Blocked by Warren Foegele.
5:13 of 3rd period - Snap shot by Juraj Slafkovsky.
5:13 of 3rd period - Stopped by Frederik Andersen with a rebound.
5:15 of 3rd period - Wrist shot by Dylan Larkin.
5:15 of 3rd period - Shot Misses the Net.
5:26 of 3rd period - Icing by Cody Ceci.
5:27 of 3rd period - Teddy Blueger wins face-off versus Scott Laughton in Toronto Maple Leafs zone.
5:41 of 3rd period - Minor Penalty to Drew O'Connor for Goalie Interference.
5:42 of 3rd period - Wyatt Johnston wins face-off versus Jake Evans in Montreal Canadiens zone.
5:52 of 3rd period - Wrist shot by Jake Evans.
5:52 of 3rd period - Shot Misses the Net.
6:12 of 3rd period - Wrist shot by Warren Foegele.
6:12 of 3rd period - Deflect By Troy Terry.
6:12 of 3rd period - Stopped by Pyotr Kochetkov without a rebound.
6:13 of 3rd period - Sam Bennett wins face-off versus Teddy Blueger in Montreal Canadiens zone.
6:14 of 3rd period - Slapshot by Troy Terry.
6:14 of 3rd period - Shot Misses the Net.
6:16 of 3rd period - Slapshot by Aaron Ekblad.
6:16 of 3rd period - Shot Blocked by Ilya Lyubushkin.
6:18 of 3rd period - Slapshot by Aaron Ekblad.
6:18 of 3rd period - Toronto Maple Leafs goal is going for a video replay.
6:18 of 3rd period - The goal is good.
6:18 of 3rd period - Goal by Aaron Ekblad - Toronto Maple Leafs : 2 - Montreal Canadiens : 2.
6:19 of 3rd period - Jake Evans wins face-off versus Brady Tkachuk in neutral zone.
6:34 of 3rd period - Snap shot by Patrik Laine.
6:34 of 3rd period - Stopped by Frederik Andersen without a rebound.
6:35 of 3rd period - Sam Bennett wins face-off versus Dylan Larkin in Toronto Maple Leafs zone.
6:40 of 3rd period - Snap shot by Troy Terry.
6:40 of 3rd period - Stopped by Pyotr Kochetkov with a rebound.
7:00 of 3rd period - Adam Fox is hit by Ryan Pulock.
7:53 of 3rd period - Slapshot by Lane Hutson.
7:53 of 3rd period - Shot Misses the Net.
9:06 of 3rd period - Evgeni Dadonov is hit by Nicolas Roy and loses puck.
9:25 of 3rd period - Minor Penalty to Teddy Blueger for Tripping.
9:26 of 3rd period - Wyatt Johnston wins face-off versus Jake Evans in Montreal Canadiens zone.
9:53 of 3rd period - Ilya Lyubushkin is hit by Warren Foegele and loses puck.
10:02 of 3rd period - Slapshot by Warren Foegele.
10:02 of 3rd period - Stopped by Pyotr Kochetkov with a rebound.
11:25 of 3rd period - Penalty to Teddy Blueger is over, Teddy Blueger is back on ice.
11:32 of 3rd period - Dylan Larkin is hit by Aaron Ekblad.
11:40 of 3rd period - Snap shot by Martin Necas.
11:40 of 3rd period - Stopped by Frederik Andersen with a rebound.
11:59 of 3rd period - Minor Penalty to Andrew Mangiapane for Holding.
12:00 of 3rd period - Macklin Celebrini wins face-off versus Wyatt Johnston in Toronto Maple Leafs zone.
12:01 of 3rd period - Snap shot by Juraj Slafkovsky.
12:01 of 3rd period - Shot Misses the Net.
12:27 of 3rd period - Dylan Larkin is hit by Mario Ferraro and loses puck.
12:46 of 3rd period - Sam Bennett is hit by Dylan Larkin and loses puck.
12:59 of 3rd period - Backhand shot by Dylan Larkin.
12:59 of 3rd period - Shot Misses the Net.
13:01 of 3rd period - Slapshot by Dylan Larkin.
13:01 of 3rd period - Shot Misses the Net.
13:03 of 3rd period - Wrist shot by Brad Marchand.
13:03 of 3rd period - Shot Misses the Net.
13:15 of 3rd period - Snap shot by Dylan Larkin.
13:15 of 3rd period - Goal by Dylan Larkin - Toronto Maple Leafs : 2 - Montreal Canadiens : 3.
13:16 of 3rd period - Jake Evans wins face-off versus Scott Laughton in neutral zone.
13:21 of 3rd period - Bowen Byram is hit by Patrik Laine and loses puck.
13:28 of 3rd period - Slapshot by Sam Malinski.
13:28 of 3rd period - Shot Blocked by Conor Timmins.
13:30 of 3rd period - Snap shot by Sam Malinski.
13:30 of 3rd period - Shot Blocked by Conor Timmins.
13:32 of 3rd period - Slapshot by Bowen Byram.
13:32 of 3rd period - Shot Misses the Net.
14:23 of 3rd period - Slapshot by Brad Marchand.
14:23 of 3rd period - Shot Blocked by Mario Ferraro.
15:11 of 3rd period - Off-side.
15:12 of 3rd period - Nick Bjugstad wins face-off versus Martin Necas in neutral zone.
15:19 of 3rd period - Snap shot by Andrew Mangiapane.
15:19 of 3rd period - Stopped by Pyotr Kochetkov with a rebound.
15:35 of 3rd period - Brady Skjei is hit by Nick Bjugstad and loses puck.
15:41 of 3rd period - Minor Penalty to Bowen Byram for Interference.
15:42 of 3rd period - Wyatt Johnston wins face-off versus Aliaksei Protas in Toronto Maple Leafs zone.
15:42 of 3rd period - Wyatt Johnston is hit by Lane Hutson.
15:55 of 3rd period - Wrist shot by Macklin Celebrini.
15:55 of 3rd period - Shot Misses the Net.
15:57 of 3rd period - Wrist shot by Damon Severson.
15:57 of 3rd period - Shot Blocked by Cody Ceci.
16:13 of 3rd period - Snap shot by Martin Necas.
16:13 of 3rd period - Shot Blocked by Cody Ceci.
16:15 of 3rd period - Slapshot by Brady Skjei.
16:15 of 3rd period - Stopped by Frederik Andersen with a rebound.
17:41 of 3rd period - Penalty to Bowen Byram is over, Bowen Byram is back on ice.
17:55 of 3rd period - Slapshot by Drew O'Connor.
17:55 of 3rd period - Stopped by Frederik Andersen without a rebound.
17:56 of 3rd period - Teddy Blueger wins face-off versus Scott Laughton in Toronto Maple Leafs zone.
17:59 of 3rd period - Snap shot by Evgeni Dadonov.
17:59 of 3rd period - Stopped by Frederik Andersen without a rebound.
18:00 of 3rd period - Jake Evans wins face-off versus Scott Laughton in Toronto Maple Leafs zone.
18:11 of 3rd period - Wrist shot by Brandon Saad.
18:11 of 3rd period - Stopped by Pyotr Kochetkov with a rebound.
18:13 of 3rd period - Snap shot by Scott Laughton.
18:13 of 3rd period - Deflect By Nicolas Roy.
18:13 of 3rd period - Shot Blocked by Ryan Poehling.
18:13 of 3rd period - Puck is out of play.
18:14 of 3rd period - Scott Laughton wins face-off versus Jake Evans in Montreal Canadiens zone.
18:25 of 3rd period - Brandon Saad is hit by Patrik Laine and loses puck.
18:56 of 3rd period - Toronto Maple Leafs, Frederik Andersen is pulled from the net.
18:56 of 3rd period - Snap shot by Nicolas Roy.
18:56 of 3rd period - Stopped by Pyotr Kochetkov without a rebound.
18:57 of 3rd period - Mike Babcock call a timeout for Toronto Maple Leafs.
18:57 of 3rd period - Jake Evans wins face-off versus Wyatt Johnston in Montreal Canadiens zone.
19:01 of 3rd period - Off-side.
19:02 of 3rd period - Jake Evans wins face-off versus Wyatt Johnston in neutral zone.
19:55 of 3rd period - Snap shot by Wyatt Johnston.
19:55 of 3rd period - Stopped by Pyotr Kochetkov without a rebound.
19:56 of 3rd period - Wyatt Johnston wins face-off versus Jake Evans in Montreal Canadiens zone.
Goals for this period are 1 for Toronto Maple Leafs vs 2 for Montreal Canadiens.
Shots for this period are 9 for Toronto Maple Leafs vs 8 for Montreal Canadiens.
Back to the Top